AoeStats
← Duckcat

Oasis

508756477Analyzed
4v4 RM · 9d ago on Sep 23, 2026· 54m 58s· 8 players
Game mode
Random Map
Map size
Large (8 player)
Population
200
Speed
Normal
Resources
Standard
Victory
Conquest
Starting age
Dark Age
Ending age
Imperial Age
RankedLock teamsTeams togetherTeam positionsShared explorationLock speedFull tech treeHidden civsTurbo modeCheats
Victory
Defeat
🇨🇦 Varangians · Canada
1553
+6
🇺🇸 Vietnamese · United States
1353
+12
🇮🇳 Persians · India
1097
+22
🇺🇸 Britons · United States
1094
+22
🇲🇽 Berbers · Mexico
1285
-16
🇨🇦 Britons · Canada
1268
-16
🇨🇱 Franks · Chile
1266
-16
🇺🇸 Persians · United States
1219
-14
PeppyIsland31
9:24 Loom
11:56 Feudal Age
15:34 Castle Age
14:07 Double-Bit Axe
14:05 Horse Collar
16:31 Bow Saw
16:25 Heavy Plow
19:52 Loom
21:19 Wheelbarrow
21:26 Scale Barding Armor
24:03 Hand Cart
29:32 Stone Mining
31:15 Stone Shaft Mining
30:32 Gold Mining
31:24 Chain Barding Armor
31:17 Forging
34:38 Imperial Age
31:57 Town Watch
32:20 Husbandry
32:31 Bloodlines
33:05 Gold Shaft Mining
33:37 Iron Casting
35:35 Plate Barding Armor
36:00 Blast Furnace
36:31 Conscription
38:24 Fletching
39:02 Ballistics
39:45 Chemistry
39:26 Bodkin Arrow
39:32 Padded Archer Armor
39:51 Kamandaran
40:55 Two-Man Saw
40:30 Crop Rotation
41:06 Crossbowman
41:52 Thumb Ring
41:53 Elite War Elephant
43:13 Leather Archer Armor
43:11 Masonry
44:29 Light Cavalry
46:49 Caravan
46:30 Hussar
49:42 Ring Archer Armor
55:14 Citadels
Duckcat
5:34 Loom
10:35 Feudal Age
14:40 Double-Bit Axe
18:21 Fletching
27:15 Castle Age
26:10 Horse Collar
26:24 Stone Mining
26:26 Gold Mining
28:34 Bow Saw
27:48 Crossbowman
28:43 Forging
28:49 Bodkin Arrow
30:13 Padded Archer Armor
32:00 Wheelbarrow
33:57 Ballistics
35:35 Hand Cart
39:14 Imperial Age
37:27 Leather Archer Armor
38:01 Masonry
37:47 Murder Holes
39:19 Arbalester
40:01 Bracer
41:03 Chemistry
40:16 Town Watch
42:17 Architecture
42:24 Ring Archer Armor
45:26 Yeomen
45:27 Conscription
45:31 Caravan
53:41 Elite Skirmisher
semarch98
5:06 Loom
9:38 Feudal Age
10:45 Double-Bit Axe
17:24 Gold Mining
19:44 Castle Age
20:18 Scale Barding Armor
20:42 Husbandry
30:22 Wheelbarrow
30:04 Forging
31:04 Chain Barding Armor
35:47 Iron Casting
44:24 Imperial Age
44:27 Gold Shaft Mining
44:25 Cavalier
45:55 Plate Barding Armor
45:36 Bow Saw
48:38 Paladin
Manee
6:40 Loom
7:38 Loom
10:16 Feudal Age
14:40 Double-Bit Axe
17:38 Fletching
18:44 Horse Collar
24:00 Castle Age
24:01 Crossbowman
25:29 Bodkin Arrow
25:57 Bow Saw
30:45 Town Watch
37:06 Wheelbarrow
41:08 Imperial Age
40:06 Gold Mining
40:09 Stone Mining
41:49 Bracer
42:53 Ballistics
44:13 Conscription
48:06 Heavy Plow
48:57 Padded Archer Armor
51:25 Elite Camel Archer
53:35 Husbandry
53:46 Bloodlines
55:11 Chemistry
54:27 Light Cavalry
Monkey King
5:17 Loom
11:37 Feudal Age
12:23 Double-Bit Axe
14:50 Fletching
19:34 Castle Age
17:24 Horse Collar
21:47 Bow Saw
22:40 Stone Mining
22:56 Heavy Plow
23:11 Bodkin Arrow
23:34 Crossbowman
27:26 Ballistics
28:03 Wheelbarrow
27:44 Gold Mining
29:32 Padded Archer Armor
30:45 Hand Cart
31:02 Leather Archer Armor
34:40 Imperial Age
32:40 Leather Archer Armor
35:37 Bracer
36:43 Chemistry
35:54 Elite Longbowman
36:55 Conscription
36:19 Arbalester
36:51 Elite Longbowman
38:11 Squires
37:31 Pikeman
39:24 Two-Man Saw
39:23 Ring Archer Armor
41:41 Conscription
41:50 Town Watch
42:51 Gold Shaft Mining
45:12 Caravan
46:04 Yeomen
NutCracker
10:22 Feudal Age
11:09 Loom
15:16 Castle Age
13:33 Double-Bit Axe
14:00 Horse Collar
17:35 Husbandry
18:20 Scale Mail Armor
23:04 Bloodlines
26:46 Wheelbarrow
26:56 Scale Barding Armor
27:13 Forging
29:55 Hand Cart
31:23 Masonry
32:03 Iron Casting
31:50 Chain Barding Armor
32:07 Iron Casting
34:53 Imperial Age
34:54 Cavalier
35:39 Caravan
36:17 Savar
38:19 Plate Barding Armor
37:40 Stone Mining
37:44 Gold Mining
39:26 Fletching
40:40 Conscription
42:29 Town Watch
VIT | Hera
9:30 Loom
11:49 Feudal Age
13:23 Wheelbarrow
15:28 Castle Age
14:41 Double-Bit Axe
15:22 Scale Mail Armor
16:25 Chain Mail Armor
16:46 Bow Saw
17:25 Squires
18:21 Horse Collar
19:17 Gambesons
26:38 Wheelbarrow
30:17 Hand Cart
29:48 Town Watch
30:31 Heavy Plow
30:21 Gold Mining
31:43 Forging
33:20 Iron Casting
37:33 Imperial Age
36:04 Fletching
36:35 Ballistics
37:55 Bodkin Arrow
37:36 Elite Varangian Guard
38:47 Plate Mail Armor
39:17 Blast Furnace
37:46 Gothikon
39:13 Bracer
40:17 Chemistry
40:17 Bracer
40:02 Arson
40:38 Pikeman
42:22 Two-Man Saw
41:26 Halberdier
42:59 Crop Rotation
42:40 Caravan
46:07 Heavy Scorpion
46:56 Siege Engineers
54:22 Conscription
TeKarino
7:00 Loom
9:34 Feudal Age
10:12 Double-Bit Axe
10:07 Horse Collar
11:07 Town Watch
24:10 Castle Age
22:15 Horse Collar
25:35 Wheelbarrow
25:11 Bow Saw
28:51 Hand Cart
30:31 Chatras
31:06 Bloodlines
30:56 Husbandry
32:18 Scale Barding Armor
33:33 Chain Barding Armor
35:51 Heavy Plow
36:43 Forging
37:44 Fletching
38:46 Bodkin Arrow
39:45 Iron Casting
43:11 Imperial Age
40:45 Caravan
44:29 Plate Barding Armor
44:00 Bracer
43:45 Elite Battle Elephant
54:35 Town Patrol
55:22 Coinage
Connection lost

Rejoining the realm…

Still unreachable

The connection could not be restored.

Session expired

The server has moved on; the page needs a fresh start.